 Dungeon Crawl Stone Soup version 0.28.0-43-g3370ac3207 (webtiles) character file.

Game seed: 685793106173534579

7268 jimonade the Grappler (level 11, 0/91 HPs)
             Began as a Ghoul Monk on Mar 12, 2022.
             Was a Priest of Makhleb.
             Slain by an orc warrior
             ... wielding a +0 hand axe
              (10 damage)
             ... on level 10 of the Dungeon.
             The game lasted 00:45:02 (13466 turns).

jimonade the Grappler (Ghoul Monk)                 Turns: 13466, Time: 00:45:03

Health: 0/91       AC: 16    Str: 20    XL:     11   Next: 12%
Magic:  10/10      EV:  8    Int: 11    God:    Makhleb [***...]
Gold:   316        SH:  0    Dex: 11    Spells: 10/10 levels left

rFire   + . .      SeeInvis .     - Unarmed
rCold   + . .      Faith    .   (no shield)
rNeg    + + +      Spirit   .   w - +0 plate armour
rPois   ∞          Reflect  .   (no helmet)
rElec   .          Harm     .   W - +0 cloak
rCorr   .          Rampage  .   G - +0 pair of gloves
Will    .....                   (no boots)
Stlth   ..........              (no amulet)
HPRegen 0.00/turn               l - ring of protection from fire
MPRegen 0.12/turn               F - +6 ring of intelligence

@: marked, inhibited regen
A: claws 1, cold resistance 1, negative energy resistance 3, inhibited
regeneration, torment resistance 2
a: Renounce Religion, Minor Destruction, Lesser Servant of Makhleb


You were on level 10 of the Dungeon.
You worshipped Makhleb.
Makhleb was most pleased with you.
You visited 1 branch of the dungeon, and saw 10 of its levels.

You collected 578 gold pieces.
You spent 262 gold pieces at shops.

Inventory:

Hand Weapons
 y - a +0 hunting sling of flaming
 H - a +0 shortbow
 P - a +0 antimagic spear
Missiles
 g - 4 silver javelins
 h - 159 arrows
 j - 224 stones (quivered)
 k - 13 boomerangs
 o - 4 datura-tipped darts
 t - 2 atropa-tipped darts
 B - 2 throwing nets
 J - 25 bolts
 K - 9 poisoned darts
 L - 77 sling bullets
Armour
 a - a +0 robe
 v - +0 steam dragon scales
 w - a +0 plate armour (worn)
 x - a +0 chain mail
 G - a +0 pair of gloves (worn)
 W - a +0 cloak (worn)
Magical Staves
 r - a staff of conjuration
 C - a staff of earth
Jewellery
 e - a ring of poison resistance
 l - a ring of protection from fire (left hand)
 F - a +6 ring of intelligence (right hand)
 Q - a ring of fire
Wands
 n - a wand of mindburst (19)
 N - a wand of polymorph (7)
 O - a wand of paralysis (6)
 S - a wand of iceblast (4)
 V - a wand of flame (11)
Scrolls
 b - a scroll of brand weapon
 c - a scroll of fog {unknown}
 p - a scroll of amnesia {unknown}
 u - a scroll of blinking
 z - 5 scrolls of immolation
 A - 3 scrolls of teleportation
 I - a scroll of enchant armour {unknown}
 M - 2 scrolls of identify
 R - a scroll of vulnerability {unknown}
Potions
 d - a potion of attraction {unknown}
 f - 2 potions of lignification {unknown}
 i - 2 potions of invisibility {unknown}
 m - 5 potions of curing
 q - 2 potions of berserk rage {unknown}
 s - 2 potions of haste {unknown}
 D - a potion of ambrosia
 E - a potion of degeneration {unknown}
 T - a potion of heal wounds {unknown}
 U - a potion of mutation {unknown}


   Skills:
 * Level 6.8 Fighting
 + Level 2.1 Slings
 * Level 8.6 Armour
 * Level 5.7 Dodging
 - Level 2.1 Stealth
 * Level 12.4 Unarmed Combat
 * Level 2.1 Evocations


You had 10 spell levels left.
You didn't know any spells.
Your spell library contained the following spells:

 Spells                   Type           Power      Damage    Failure   Level
 Gell's Gravitas          Tloc           0%         N/A       100%        3
 Lesser Beckoning         Tloc           0%         N/A       100%        3
 Teleport Other           Tloc           0%         N/A       100%        3
 Leda's Liquefaction      Hex/Erth       0%         N/A       100%        4
 Lee's Rapid Deconstruct  Erth           0%         3d5*      100%        5
 Statue Form              Tmut/Erth      Unusable   N/A       N/A         6

Dungeon Overview and Level Annotations

Branches:
Dungeon (10/15)            Temple (0/1) D:6
   Lair: D:8-11         Orc: D:9-12

Altars:
Ashenzari
Cheibriados
Elyvilon
Fedhas
Hepliaklqana
Makhleb
Okawaru
Qazlal
Trog
Vehumet
Xom
The Shining One

Shops:
D:5 ?   D:6 *   D:7 !(   D:9 [

Annotations:
D:4 2 exclusions
D:8 Maurice


Innate Abilities, Weirdness & Mutations

You thrive by killing the living.
You are immune to poison.
You have sharp fingernails.
Your flesh is cold resistant. (rC+)
You are immune to negative energy. (rN+++)
You do not regenerate when monsters are visible.
You are immune to unholy pain and torment.


Message History

Here: a vampire The floor.
The vampire mumbles some strange words.
The vampire flickers and vanishes!
Deactivating autopickup; reactivate with Ctrl-A.
You closely miss something. Something hits you! Something bites you.
You hit something. Something hits you. Something bites you but does no damage.
You hit something.
The orc warrior hits you with a +0 hand axe.
You miss something. You punch something. Something hits you!
Something bites you.
The orc warrior hits you with a +0 hand axe.
You closely miss something. Your punch misses something.
You hear some strange, mumbled words.
Something tries to affect you, but you resist.
You closely miss something. Your punch misses something.
The orc warrior hits you with a +0 hand axe.
Something hits you but does no damage. Something bites you but does no damage.
You punch the orc warrior! Your punch misses the orc warrior.
The orc warrior is moderately wounded.
The orc warrior hits you with a +0 hand axe.
Something hits you but does no damage. Something bites you!
You punch the orc warrior!
The orc warrior is severely wounded.
The orc warrior hits you with a +0 hand axe.
You punch the orc warrior!
The orc warrior is almost dead.
Something hits you!
* * * LOW HITPOINT WARNING * * *
Something bites you but does no damage.
The orc warrior hits you with a +0 hand axe!
* * * LOW HITPOINT WARNING * * *
You barely miss the orc warrior. Your punch misses the orc warrior.
The orc warrior is almost dead.
Something hits you but does no damage. Something bites you!
* * * LOW HITPOINT WARNING * * *
You completely miss the orc warrior.
The orc warrior is almost dead.
The orc warrior hits you with a +0 hand axe!
You die...

.P..# ..P...# #
#..P..# .# .
#..P..##'#P. ####
.P..P.....P ...
#..........
#####.####...P...P..
#...........P.P.P...
.###{@o.....†.....#
#####.###...#... #.#
....... #.# .######
#.. .# ### ##


You could see an orc warrior.

Vanquished Creatures
  2 two-headed ogres
  A komodo dragon (D:10)
  A troll (D:10)
  3 hornets
  A wraith (D:10)
  A shadow (D:10)
  4 wyverns
  5 yaks
  The ghost of Jingleheimer the Shield-Bearer, an amateur DsFi (D:3)
  3 steam dragons
  4 vampire mosquitoes (D:10)
  An acid dragon (D:10)
  A black bear (D:10)
  An orc warrior (D:9)
  2 ice beasts (D:7)
  3 centaurs
  A phantom (D:5)
  A kobold brigand (D:9)
  3 bullfrogs
  2 scorpions (D:5)
  A wyvern skeleton (D:7)
  A water moccasin skeleton (D:6)
  5 wights (D:9)
  A howler monkey (D:10)
  A centaur skeleton (D:2)
  3 hounds
  2 centaur zombies
  A gnoll shaman (D:9)
  4 orc priests
  A bullfrog skeleton (D:3)
  2 iguanas (D:5)
  A scorpion zombie (D:5)
  5 orc wizards
  A hound skeleton (D:4)
  A howler monkey skeleton (D:7)
  11 adders
  8 gnolls
  5 river rats
  A shadow imp (D:7)
  An ufetubus (D:5)
  An adder skeleton (D:4)
  7 worms
  13 dart slugs
  11 orcs
  6 endoplasms
  5 giant cockroaches
  9 goblins
  5 hobgoblins
  3 quokkas
  4 ball pythons
  7 bats
  4 frilled lizards
  11 kobolds
  7 rats
190 creatures vanquished.

Vanquished Creatures (others)
  A goblin (D:4)
  6 fungi (D:10)
  11 plants (D:10)
18 creatures vanquished.

Grand Total: 208 creatures vanquished

Notes
Turn   | Place    | Note
-------+----------+-------------------------------------------
     0 | D:1      | jimonade the Ghoul Monk began the quest for the Orb.
     0 | D:1      | Reached XP level 1. HP: 19/19 MP: 0/0
   472 | D:1      | Reached XP level 2. HP: 26/26 MP: 1/1
   985 | D:1      | Found a faded altar of an unknown god.
  1340 | D:2      | Reached XP level 3. HP: 20/31 MP: 2/2
  1481 | D:2      | Found a stormy altar of Qazlal.
  1700 | D:2      | Reached skill level 4 in Unarmed Combat
  1959 | D:2      | Reached skill level 1 in Armour
  1959 | D:2      | Reached XP level 4. HP: 26/40 MP: 3/3
  2807 | D:3      | Found a runed translucent door.
  2808 | D:3      | Noticed Jingleheimer's ghost (amateur DsFi)
  2811 | D:3      | Reached XP level 5. HP: 46/46 MP: 4/4
  2835 | D:3      | Reached skill level 5 in Unarmed Combat
  3105 | D:3      | Found a runed translucent door.
  3381 | D:3      | Found a bloodstained altar of Trog.
  3549 | D:3      | Killed Jingleheimer's ghost
  3550 | D:3      | Reached XP level 6. HP: 29/52 MP: 5/5
  4019 | D:4      | Reached skill level 6 in Unarmed Combat
  4509 | D:4      | Found a broken altar of Ashenzari.
  4575 | D:4      | Reached XP level 7. HP: 60/60 MP: 6/6
  5185 | D:5      | Entered Level 5 of the Dungeon
  5185 | D:5      | Found Vuronu Onua's Magic Scroll Boutique.
  5278 | D:5      | Noticed a wyvern
  5290 | D:5      | Killed a wyvern
  5291 | D:5      | Reached skill level 7 in Unarmed Combat
  5456 | D:5      | Noticed a wraith
  6649 | D:5      | Reached XP level 8. HP: 65/67 MP: 7/7
  7221 | D:6      | Found a burning altar of Makhleb.
  7226 | D:6      | Became a worshipper of Makhleb the Destroyer
  7226 | D:6      | Reached * piety under Makhleb
  7226 | D:6      | Reached ** piety under Makhleb
  7564 | D:6      | Found a shimmering altar of Xom.
  7845 | D:6      | Reached skill level 5 in Fighting
  7845 | D:6      | Reached skill level 1 in Slings
  7845 | D:6      | Reached skill level 8 in Unarmed Combat
  7928 | D:6      | Found Acramp's Assorted Antiques.
  8008 | D:6      | Found a staircase to the Ecumenical Temple.
  8225 | D:7      | Found Waoc's Distillery.
  8243 | D:7      | Bought a potion of curing for 36 gold pieces
  8243 | D:7      | Bought a potion of ambrosia for 96 gold pieces
  8361 | D:7      | Reached skill level 5 in Armour
  8582 | D:7      | Reached XP level 9. HP: 74/74 MP: 8/8
  8645 | D:7      | Noticed a hornet
  8647 | D:7      | Reached skill level 9 in Unarmed Combat
  9010 | D:7      | Killed a hornet
  9472 | D:7      | Found Itza's Firing Range.
  9804 | D:8      | Found a radiant altar of Vehumet.
  9816 | D:8      | Noticed Maurice
 10041 | D:8      | Noticed a two-headed ogre
 10056 | D:8      | Killed a two-headed ogre
 10166 | D:8      | Noticed a hornet
 10175 | D:8      | Killed a hornet
 10176 | D:8      | Reached skill level 10 in Unarmed Combat
 10437 | D:9      | Noticed a two-headed ogre
 10451 | D:9      | Killed a two-headed ogre
 10452 | D:9      | Reached skill level 5 in Dodging
 10452 | D:9      | Reached XP level 10. HP: 13/83 MP: 9/9
 11411 | D:9      | Reached skill level 11 in Unarmed Combat
 11674 | D:9      | Found Ecwiruny's Antique Armour Shoppe.
 11731 | D:9      | Reached skill level 1 in Evocations
 12054 | D:10     | Entered Level 10 of the Dungeon
 12310 | D:10     | Found a hazy altar of Hepliaklqana.
 12359 | D:10     | Found a blossoming altar of Fedhas.
 12420 | D:10     | Reached *** piety under Makhleb
 12433 | D:10     | Reached skill level 12 in Unarmed Combat
 12462 | D:10     | Reached XP level 11. HP: 86/91 MP: 10/10
 12687 | D:10     | Found a snail-covered altar of Cheibriados.
 12689 | D:10     | Found an iron altar of Okawaru.
 12750 | D:10     | HP: 1/91 [komodo dragon (18)]
 13420 | D:9      | Bought a cloak for 130 gold pieces
 13466 | D:10     | Slain by an orc warrior

Illustrated notes

Levels and vault maps discovered:
D:1:      wander_arrival_peaceful_grave, layout_loops_ring,
          chequers_ecumenical_altar_grove, serial_park_tiny_pond
D:2:      cheibrodos_helix_gallery, layout_loops_corners, basic_altar,
          minmay_misc_feat_x
D:3:      layout_rooms, general_overflow_altar, ebering_ghost_sewer_f,
          grunt_ministairs_5, st_stairs_5
D:4:      kennysheep_slugbush, layout_rooms, old_standard_altar,
          lightli_sewer_entry_pipes
D:5:      layout_cave_pools, serial_shops, shop
D:6:      layout_loops_corners, tso_metal_star, amcnicky_altar_gilded,
          lightli_temple_of_fire, temple_green, serial_shops,
          nicolae_shop_statue_plus
D:7:      layout_cave_pools, elyvilon_altar_1, serial_shops,
          nicolae_square_shop, nicolae_shop_firing_range
D:8:      layout_basic, mainiacjoe_overflow_24_doors, uniq_maurice
D:9:      layout_irregular_city, serial_shops, nicolae_shop_crystal,
          chequers_garden
D:10:     layout_loops_ring, mainiacjoe_overflow_cross_hatched,
          lemuel_round_altar, nicolae_overflow_hidden_temple,
          grunt_lair_entry_orc_guard_hut, gammafunk_ghost_necromancy,
          minmay_fractal_squares_5

Skill      XL: |  1  2  3  4  5  6  7  8  9 10 11 |
---------------+----------------------------------+-----
Dodging        | 3 4 5 |  5.7
Unarmed Combat | 4 5 6 7 8 10 12 | 12.4
Armour         | 1 2 3 5 7 8 |  8.6
Fighting       | 4 5 6 |  6.8
Slings         | 1 2 |  2.1
Evocations     | 1 2 |  2.1
Stealth        | |  2.1

Action                   |  1- 3 |  4- 6 |  7- 9 | 10-12 || total
-------------------------+-------+-------+-------+-------++-------
Melee: Unarmed           |   116 |   205 |   344 |   232 ||   897
       Punch             |     2 |     6 |    17 |    20 ||    45
 Fire: Hunting sling     |       |       |     1 |       ||     1
  Use: Scroll            |       |       |    10 |     1 ||    11
       Potion            |       |       |     3 |       ||     3
 Stab: Sleeping          |     1 |       |       |       ||     1
Armor: Robe              |     2 |       |       |       ||     2
       Ring mail         |    12 |       |       |       ||    12
       Scale mail        |    15 |    57 |       |       ||    72
       Chain mail        |       |    60 |   161 |    12 ||   233
       Plate armour      |       |       |       |    94 ||    94
Dodge: Dodged            |    75 |    91 |   138 |    74 ||   378
